 Dungeon Crawl Stone Soup version 0.17-a0-1850-g688e747 (webtiles) character file.

103 mcbry74 the Magician (level 4, -6/24 HPs)
             Began as a Deep Elf Wizard on Sept 19, 2015.
             Mangled by an orc
             ... wielding a +0 trident
              (10 damage)
             ... on level 2 of the Dungeon.
             The game lasted 00:37:43 (3191 turns).

mcbry74 the Magician (Deep Elf Wizard)              Turns: 3191, Time: 00:37:43

Health: -6/24      AC:  2    Str:  4    XL:     4   Next: 51%
Magic:  10/14      EV: 13    Int: 24    God:
Gold:   68         SH:  0    Dex: 13    Spells: 6 memorised, 2 levels left

rFire  . . .     SeeInvis .     l - +2 dagger (freeze)
rCold  . . .     Clarity  .     a - +0 robe
rNeg   . . .     SustAt   .     (no shield)
rPois  .         Gourm    .     b - +0 hat
rElec  .         Spirit   .     (no cloak)
rCorr  .         Warding  .     (no gloves)
rMut   .         Stasis   .     (no boots)
MR     .....                    (no amulet)
Stlth  ++........               (no ring)
                                (no ring)

@: repel missiles, not resistant to hostile enchantments, unstealthy
A: no striking features
a: no special abilities


You were on level 2 of the Dungeon.
You were not hungry.

You visited 1 branch of the dungeon, and saw 3 of its levels.

You collected 68 gold pieces.

Inventory:

Hand weapons
 e - a +0 short sword
 l - a +2 dagger of freezing (weapon)
Armour
 a - a +0 robe (worn)
 b - a +0 hat (worn)
Jewellery
 m - an uncursed amulet of warding {unknown}
Scrolls
 f - a scroll of teleportation
 h - a scroll of remove curse {unknown}
 i - a scroll of enchant armour {unknown}
 j - 2 scrolls of identify {unknown}
Books
 c - a book of Minor Magic

   Spells                             Type                      Level
   a - Magic Dart                     Conjuration                  1
   b - Blink                          Translocation                2
   c - Call Imp                       Summoning                    2
   d - Repel Missiles                 Charms/Air                   2
   e - Slow                           Hexes                        2
   f - Conjure Flame                  Conjuration/Fire             3
   g - Mephitic Cloud                 Conjuration/Poison/Air       3
Comestibles
 d - a bread ration
 g - a meat ration
 p - 2 fruits


   Skills:
 + Level 0.2 Short Blades
 + Level 2.8 Dodging
 + Level 2.8 Stealth
 + Level 6.1 Spellcasting
 + Level 1.9 Conjurations
 + Level 0.8 Charms
 + Level 1.9 Summonings
 + Level 1.1 Translocations


You had 2 spell levels left.
You knew the following spells:

 Your Spells              Type           Power        Failure   Level  Hunger
a - Magic Dart            Conj           ###.         4%          1    None
b - Call Imp              Summ           ###.....     8%          2    None
c - Blink                 Tloc           N/A          10%         2    None
d - Repel Missiles        Chrm/Air       #.....       12%         2    None
e - Mephitic Cloud        Conj/Pois/Air  ##......     21%         3    #......
f - Conjure Flame         Conj/Fire      ##......     17%         3    #......


Dungeon Overview and Level Annotations

Branches:
Dungeon (3/15)

Altars:


Message History

You climb downwards.
The orc hits you with a trident. The orc completely misses you.
There is a stone staircase leading up here.
Casting: Mephitic Cloud
Confirm with . or Enter, or press ? or * to list all spells.
A beastly little devil appears in a puff of flame.
The orc hits you with a trident. The orc hits you with a flail.
A jackal comes into view.
Casting: Call Imp
Confirm with . or Enter, or press ? or * to list all spells.
A beastly little devil appears in a puff of frigid air.
The orc hits you with a trident!
* * * LOW HITPOINT WARNING * * *
Your crimson imp barely misses the orc.
The orc barely misses you. The orc hits you but does no damage.
Your crimson imp barely misses the orc.
Your white imp closely misses the orc.
You climb upwards.
There is a stone staircase leading down here.
The orc hits you from afar with a trident!
You die...

....#########...#.........####..#
................#.#####.........#
...............)#.# #.#######.#
...#.#..........#.# #.# #.#
...#.#.#......#.#.# #.#######.#
...#.#.#......#รท#.# #.........#
+#.#..........#.#'###############
...###.#.....##).[.....#
.......+.....+..@.o....#
.......#.....###o>.....#
...########### #.......#
################.......#
#...........##.......#
#...........##.......#
###...........##.......#
......................##
#............(........#


You could see 2 orcs.

Vanquished Creatures
  3 adders (D:2)
  A giant gecko (D:1)
  3 orcs (D:2)
  3 giant cockroaches (D:1)
  A hobgoblin (D:1)
  A ball python (D:2)
  9 bats
  A giant newt (D:2)
  4 goblins
  A jackal (D:2)
  7 kobolds
  5 rats
39 creatures vanquished.

Vanquished Creatures (collateral kills)
  Terence (D:2)
  An adder (D:2)
  A worm (D:1)
  A hobgoblin (D:1)
  5 jackals (D:1)
  2 kobolds (D:1)
  A rat (D:2)
12 creatures vanquished.

Grand Total: 51 creatures vanquished

Notes
Turn   | Place    | Note
--------------------------------------------------------------
     0 | D:1      | mcbry74 the Deep Elf Wizard began the quest for the Orb.
     0 | D:1      | Reached XP level 1. HP: 10/10 MP: 7/7
   385 | D:1      | Reached XP level 2. HP: 15/15 MP: 6/9
   449 | D:1      | Learned a level 2 spell: Call Imp
   452 | D:1      | Learned a level 2 spell: Blink
   455 | D:1      | Learned a level 2 spell: Repel Missiles
   593 | D:1      | Reached skill level 5 in Spellcasting
  1399 | D:1      | Reached XP level 3. HP: 19/19 MP: 8/11
  1404 | D:1      | Learned a level 3 spell: Mephitic Cloud
  1967 | D:2      | Noticed Terence
  2032 | D:2      | Killed Terence
  2129 | D:2      | Reached XP level 4. HP: 24/24 MP: 9/13
  2134 | D:2      | Learned a level 3 spell: Conjure Flame
  2658 | D:2      | Reached skill level 6 in Spellcasting
  3191 | D:2      | Mangled by an orc

Vault maps used:
D:1:      dpeg_arrival_pits
D:2:      uniq_terence
D:3:      gammafunk_temple_overflow_pools

Action                   |  1- 3 |  4- 6 || total
-------------------------+-------+-------++-------
Melee: Short sword       |    17 |       ||    17
       Dagger            |    10 |     9 ||    19
 Cast: Magic Dart        |    59 |    11 ||    70
       Call Imp          |    13 |     5 ||    18
       Blink             |     1 |       ||     1
       Mephitic Cloud    |       |     3 ||     3
       Repel Missiles    |       |     1 ||     1
  Use: Potion            |       |     2 ||     2
       Scroll            |       |     1 ||     1
 Stab: Distracted        |     1 |       ||     1
       Confused          |       |     1 ||     1
  Eat: Chunk             |     4 |       ||     4
       Bread ration      |       |     1 ||     1
       Fruit             |       |     1 ||     1
